 Dungeon Crawl Stone Soup version 0.20.1-1-g8b1a95d (webtiles) character file.

74 slep the Skirmisher (level 4, -6/41 HPs)
             Began as a Minotaur Abyssal Knight on Oct 27, 2017.
             Was a Follower of Lugonu.
             Mangled by a gnoll
             ... wielding a +0 spear
              (7 damage)
             ... on level 2 of the Dungeon.
             The game lasted 00:07:56 (926 turns).

slep the Skirmisher (Minotaur Abyssal Knight)        Turns: 926, Time: 00:07:57

Health: -6/41      AC:  4    Str: 16    XL:     4   Next: 9%
Magic:  4/4        EV: 11    Int:  9    God:    Lugonu [*.....]
Gold:   78         SH:  0    Dex: 11    Spells: 3/3 levels left

rFire    . . .     SeeInvis .   a - +1 falchion
rCold    . . .     Gourm    .   (no shield)
rNeg     . . .     Faith    .   b - +0 leather armour
rPois    .         Spirit   .   (helmet restricted)
rElec    .         Reflect  .   (no cloak)
rCorr    .         Harm     .   m - +0 pair of gloves
MR       .....                  (no boots)
Stlth    +.........             (no amulet)
Regen    0.2/turn               (no ring)
MPRegen  0.1/turn               (no ring)

@: no status effects
A: retaliatory headbutt, horns 2
a: Depart the Abyss, Renounce Religion


You were on level 2 of the Dungeon.
You worshipped Lugonu.
Lugonu was aware of your devotion.
You were not hungry.

You visited 1 branch of the dungeon, and saw 2 of its levels.
You visited the Abyss 1 time.

You collected 78 gold pieces.

Inventory:

Hand Weapons
 a - a +1 falchion (weapon)
Armour
 b - a +0 leather armour (worn)
 m - a +0 pair of gloves (worn)
Scrolls
 l - a scroll of immolation {unknown}
Potions
 d - a potion of lignification {unknown}
 e - a potion of heal wounds {unknown}
 f - a potion of flight {unknown}
 h - 2 potions of degeneration {unknown}
 k - a potion of brilliance {unknown}
 n - a potion of curing {unknown}
 o - 2 potions of haste {unknown}
Comestibles
 c - 2 bread rations
 g - a royal jelly
 i - 3 chunks of flesh
 j - a fruit


   Skills:
 + Level 4.6 Fighting
 + Level 3.1 Long Blades
 + Level 3.4 Armour
 + Level 1.5 Dodging
 + Level 2.1 Invocations


You had 3 spell levels left.
You didn't know any spells.

Dungeon Overview and Level Annotations

Branches:
Dungeon (2/15)

Altars:


Innate Abilities, Weirdness & Mutations

You reflexively headbutt those who attack you in melee.
You have a pair of horns on your head.


Message History

* * * LOW HITPOINT WARNING * * *
You slash the gnoll!
You kill the gnoll!
Lugonu accepts your kill.
You have reached level 4!
You feel agile. The gnoll misses you. The gnoll hits you but does no damage.
Things that are here:
a spear; a gnoll corpse You hit the gnoll.
The gnoll is lightly wounded.
The gnoll hits you with a spear.
* * * LOW HITPOINT WARNING * * *
The gnoll hits you with a spear.
* * * LOW HITPOINT WARNING * * *
You hit the gnoll.
The gnoll is moderately wounded.
The gnoll hits you with a spear!
You die...

†'..# ##.........#
.##.# #.........# .#
.# #.........# .##.#
#.........# )...#
#.........# ....#
#.........# ....#
#.....g...# ....#
....####g#### #...#
.....# #@# '...#
....# #†####
#...############....#
#...##...........##.#
######.#########.##.#
# #.#............# #
#.#.##.#.##.####
######.#.#..#.##.#
.......#.##.#.##.#


You could see 2 gnolls.

Vanquished Creatures
  A gnoll (D:2)
  2 adders (D:2)
  An ooze (D:2)
  A dart slug (D:1)
  2 ball pythons (D:1)
  8 bats
  3 giant cockroaches
  5 hobgoblins
  2 quokkas (D:2)
  3 frilled lizards
  6 goblins
  2 kobolds (D:1)
  4 rats (D:1)
40 creatures vanquished.

Notes
Turn   | Place    | Note
-------+----------+-------------------------------------------
     0 | Abyss:1  | slep the Minotaur Abyssal Knight began the quest for the Orb.
     0 | Abyss:1  | Reached XP level 1. HP: 19/19 MP: 1/1
    76 | Abyss:1  | Noticed an ice beast
   101 | D:1      | Escaped the Abyss
   150 | D:1      | Reached XP level 2. HP: 27/27 MP: 2/2
   160 | D:1      | Reached * piety under Lugonu
   214 | D:1      | Reached skill level 4 in Fighting
   642 | D:2      | Reached XP level 3. HP: 30/33 MP: 3/3
   923 | D:2      | Reached XP level 4. HP: 7/41 MP: 4/4
   925 | D:2      | HP: 1/41 [gnoll/spear (2)]
   926 | D:2      | Mangled by a gnoll

Skill      XL: |  1  2  3 |
---------------+----------+-----
Invocations    | 2 |  2.1
Fighting       | 4 |  4.6
Armour         | 3 |  3.4
Long Blades    | 3 |  3.1
Dodging        | |  1.5

Action                   |  1- 3 |  4- 6 || total
-------------------------+-------+-------++-------
Melee: Falchion          |    89 |     2 ||    91
       Headbutt          |    12 |       ||    12
Invok: Depart the Abyss  |     1 |       ||     1
  Use: Scroll            |     3 |       ||     3
Armor: Leather armour    |    36 |     1 ||    37
Dodge: Dodged            |    66 |     1 ||    67
       Rpst.: Falchion   |    18 |       ||    18
